 Dungeon Crawl Stone Soup version 0.29.1-15-g9cfb28693d (webtiles) character file.

Game seed: 16541725721070614301

158356 pleonasm the Warrior (level 17, -1/158 HPs)
             Began as a Palentonga Fighter on Apr 26, 2023.
             Was an Initiate of Gozag.
             Succumbed to an emperor scorpion's poison
             ... on level 4 of the Spider Nest on May 4, 2023.
             The game lasted 02:35:25 (45031 turns).

pleonasm the Warrior (Palentonga Fighter)          Turns: 45031, Time: 02:35:25

Health: -1/158     AC: 36    Str: 21    XL:     17   Next: 14%
Magic:  26/26      EV:  3    Int:  9    God:    Gozag
Gold:   3377       SH: 14    Dex: 14    Spells: 14/16 levels left

rFire   + . .      SeeInvis +   b - +2 eveningstar (freeze)
rCold   + . .      Faith    .   e - +2 kite shield "Naikhyll" {rPois rN+ rCorr Str-4}
rNeg    + . .      Spirit   .   O - +10 chain mail of the Orb Guardian {rElec MP+9 Int-3}
rPois   +          Reflect  .   g - +2 helmet
rElec   +          Harm     .   B - +0 cloak
rCorr   +          Rampage  .   h - +0 pair of gloves {Dex+3}
Will    ++...                   v - +2 barding {Fly}
Stlth   ..........              (no amulet)
HPRegen 0.36/turn               I - ring of willpower {=R}
MPRegen 0.20/turn               U - ring of poison resistance

@: lethally poisoned (-1 -> -35), resistant, gold aura, on berserk cooldown,
flying, hasted and slowed
A: large, rugged brown scales 3, see invisible, deformed body, roll 1, armoured
tail, reflexive curl
a: Rolling Charge, Renounce Religion, Potion Petition, Call Merchant, Bribe
Branch


You were on level 4 of the Spider Nest.
You worshipped Gozag.
Gozag was most pleased with you.
You visited 5 branches of the dungeon, and saw 26 of its levels.

You collected 10169 gold pieces.
You spent 1545 gold pieces at shops.
You paid 5247 gold pieces to Gozag.

Inventory:

Hand Weapons
 a - the +6 shillelagh "Devastator" {shatter}
   (You found it on level 10 of the Dungeon)

   It releases a powerful concussive burst when it strikes, dealing extra damage
   to the target and all other foes adjacent to them.
 b - a +2 eveningstar of freezing (weapon)
 w - a +2 whip of venom
 E - a +2 demon whip of draining
 Z - the +1 flail of the Eight Tales {protect, Will+}
   (You found it on level 6 of the Dungeon)

   It grants its wielder temporary protection when it strikes (+7 to AC).
   Will:      It increases your willpower.
Missiles
 l - 3 poisoned darts
 y - a curare-tipped dart
 A - 18 boomerangs (quivered)
 F - 9 javelins
 H - 6 throwing nets
Armour
 e - the +2 kite shield "Naikhyll" (worn) {rPois rN+ rCorr Str-4}
   (You bought it in a shop on level 1 of the Orcish Mines)

   Str:       It affects your strength (-4).
   rPois:     It protects you from poison.
   rN:        It protects you from negative energy.
   rCorr:     It protects you from acid and corrosion.
 g - a +2 helmet (worn)
 h - a +0 pair of gloves of dexterity (worn)
 v - a +2 barding of flying (worn)
 B - a +0 cloak (worn)
 O - the +10 chain mail of the Orb Guardian (worn) {rElec MP+9 Int-3}
   (You took it off an orc on level 9 of the Dungeon)

   Int:       It affects your intelligence (-3).
   rElec:     It insulates you from electricity.
   MP:        It affects your magic capacity (+9).
 P - a +2 robe of fire resistance
Jewellery
 s - a ring of ice
 I - a ring of willpower (left hand) {=R}
 J - a ring of wizardry
 U - a ring of poison resistance (right hand)
Wands
 c - a wand of flame (19)
 f - a wand of digging (1)
 m - a wand of charming (7)
 n - a wand of iceblast (20)
 M - a wand of acid (1)
 N - a wand of mindburst (5)
 Q - a wand of polymorph (5)
Scrolls
 i - a scroll of amnesia
 x - a scroll of immolation
 z - 3 scrolls of blinking
 C - 5 scrolls of magic mapping
 K - 2 scrolls of fear
 L - 7 scrolls of teleportation
 R - a scroll of poison
 T - 2 scrolls of summoning
 V - 4 scrolls of fog
 Y - 6 scrolls of identify
Potions
 d - 4 potions of might
 j - 2 potions of invisibility
 k - 4 potions of magic
 o - a potion of haste
 p - 2 potions of ambrosia
 t - 5 potions of berserk rage
 u - 3 potions of cancellation
 D - 3 potions of heal wounds
 W - 2 potions of curing
Miscellaneous
 q - a piece from Xom's chessboard (15/15)
 S - a box of beasts


   Skills:
 + Level 17.5 Fighting
 - Level 16.0 Maces & Flails
 + Level 11.9 Armour
 + Level 12.3 Shields
 - Level 10.1 Evocations


You had 14 spell levels left.
You knew the following spells:

 Your Spells              Type           Power      Damage    Failure   Level
a - Apportation           Tloc           0%         N/A       99%         1
b - Necrotise             Necr           0%         1d4       99%         1

Your spell library contained the following spells:

 Spells                   Type           Power      Damage    Failure   Level
 Sandblast                Erth           0%         2d4       99%         1
 Summon Small Mammal      Summ           0%         N/A       99%         1
 Passwall                 Tmut/Erth      0%         N/A       99%         2
 Conjure Flame            Conj/Fire      0%         6-21      100%        3
 Gell's Gravitas          Tloc           0%         N/A       100%        3
 Ignite Poison            Fire/Tmut/Pois 0%         N/A       100%        3
 Stone Arrow              Conj/Erth      0%         3d7       100%        3
 Teleport Other           Tloc           0%         N/A       100%        3
 Tukima's Dance           Hex            0%         N/A       100%        3
 Animate Armour           Summ/Erth      0%         N/A       100%        4
 Dispel Undead            Necr           0%         3d6       100%        4
 Hailstorm                Conj/Ice       0%         3d3       100%        4
 Ice Form                 Ice/Tmut       0%         N/A       100%        4
 Passage of Golubria      Tloc           0%         N/A       100%        4
 Sticky Flame             Conj/Fire      0%         2d3       100%        4
 Alistair's Intoxication  Tmut/Pois      0%         N/A       100%        5
 Blade Hands              Tmut           0%         N/A       100%        5
 Borgnjor's Vile Clutch   Necr/Erth      0%         N/A       100%        5
 Freezing Cloud           Conj/Ice/Air   0%         6-21      100%        5
 Yara's Violent Unravell  Hex/Tmut       0%         3d3       100%        5
 Death Channel            Necr           0%         N/A       100%        6
 Dispersal                Tloc           0%         N/A       100%        6
 Eringya's Noxious Bog    Tmut/Pois      0%         N/A       100%        6
 Iron Shot                Conj/Erth      0%         9d1       100%        6
 Polar Vortex             Ice            0%         N/A       100%        9
 Corpse Rot               Necr/Pois/Air  Unusable   N/A       N/A         4
 Simulacrum               Ice/Necr       Unusable   N/A       N/A         6

Dungeon Overview and Level Annotations

Branches:
Dungeon (14/15)            Temple (1/1) D:7            Lair (5/5) D:10
  Swamp (0/4) Lair:3       Spider (4/4) Lair:3          Orc (2/2) D:12
    Elf (0/3) Orc:2        Vaults (0/5) D:14
  Slime: Lair:4-5

Altars:
Ashenzari
Cheibriados
Dithmenos
Elyvilon
Fedhas
Gozag
Hepliaklqana
Kikubaaqudgha
Makhleb
Nemelex Xobeh
Okawaru
Qazlal
Ru
Sif Muna
Trog
Uskayaw
Vehumet
Wu Jian
Xom
Yredelemnul
Zin
The Shining One
Jiyva

Shops:
D:3 *   D:6 :   D:12 [   D:14 ([[   Orc:1 [   Orc:2 ([[(

Annotations:
Lair:3 lindwurm = treasure
Lair:5 exclusion: 2 oklob plants
Spider:3 Roxanne


Innate Abilities, Weirdness & Mutations

You are completely covered in rugged brown scales. (AC +3, +7% HP)
You have supernaturally acute eyesight. (SInv)
Armour fits poorly on your strangely shaped body.
You can roll at nearby foes to attack.
You have a long armoured tail.
You curl defensively after being hit. (AC +7*)


Message History

You feel extremely sick.
The emperor scorpion stings you but does no damage.
The emperor scorpion claws you but does no damage. x2
Unknown command.
You hit the emperor scorpion. You freeze the emperor scorpion.
You tail-slap the emperor scorpion, but do no damage.
The emperor scorpion is almost dead.
You feel very sick. The emperor scorpion stings you!
* * * LOW HITPOINT WARNING * * *
You are lethally poisoned!
The emperor scorpion poisons you!
You block the emperor scorpion's attack. x2
You puncture the emperor scorpion! You freeze the emperor scorpion.
The emperor scorpion is almost dead.
* * * LOW HITPOINT WARNING * * *
You feel extremely sick.
The emperor scorpion stings you but does no damage.
You block the emperor scorpion's attack.
The emperor scorpion claws you.
* * * LOW HITPOINT WARNING * * *
You sock the emperor scorpion! You freeze the emperor scorpion.
You kill the emperor scorpion!
* * * LOW HITPOINT WARNING * * *
You feel extremely sick.
Unknown command.
You are too berserk!
Unknown command.
* * * LOW HITPOINT WARNING * * *
You feel extremely sick.
You feel a strong urge to attack something.
* * * LOW HITPOINT WARNING * * *
You feel extremely sick.
* * * LOW HITPOINT WARNING * * *
You feel very sick.
You feel your anger nearly subside.
You are no longer berserk.
You are exhausted.
You feel yourself slow down.
You die...
Your body crumbles into a pile of gold.

.##.##......s... #.# .
...^.#......^.~###.## ..
#.............^##..^## ...
.###.#.....^..##s^...##.○~~
....^#.......$$$$........~~
.....#.#.^....##.....##.^~°
##^#..##.......##).$## ..°~
.###..#..#^....###.###..B..
..#...####...#.$@#^#.^.....
#.#.#..#....####.#..○..~.#
#.#....##...^.############
..#.##.#..#.......
..###..^.##.#..#...
#..#...#..#.#....#.
...##..#..^^...##. $
##..#^.#.####^^. #
....#....# ...


There were no monsters in sight!

Vanquished Creatures
  Mara (Spider:3)
  3 emperor scorpions
  An orc warlord (Orc:2)
  4 broodmothers
  4 entropy weavers
  A spark wasp (Spider:1)
  A fire dragon (Lair:5)
  Josephine (Orc:1)
  Fannar (D:10)
  5 boulder beetles
  2 ogre magi (Orc:2)
  Erica (D:10)
  Harold (D:10)
  A rakshasa (D:14)
  9 hydras
  3 vault guards (D:14)
  A death knight (D:14)
  2 centaur warriors (D:13)
  4 catoblepae
  2 radroaches
  13 two-headed ogres
  2 orc high priests
  Urug (D:10)
  4 sun moths
  Lodul (D:10)
  3 deep trolls
  10 pharaoh ants
  6 steelbarb worms
  A swamp dragon (Lair:5)
  10 orb spiders
  2 lindwurms (Lair:5)
  A wizard (D:14)
  2 orc knights (Orc:1)
  A necromancer (D:14)
  A harpy (D:14)
  8 ugly things
  6 manticores
  A deep elf pyromancer (D:14)
  6 cyclopes
  21 elephants
  12 wolf spiders
  2 moths of wrath (Spider:1)
  3 black mambas
  2 torpor snails
  4 gargoyles
  12 cane toads
  8 demonic crawlers
  6 rime drakes
  An unseen horror (D:10)
  9 komodo dragons
  2 kobold demonologists (D:11)
  5 meliai
  17 trolls
  A merfolk (D:12)
  5 polar bears
  A hornet (D:9)
  25 tarantellas
  14 blink frogs
  17 slime creatures
  6 dream sheep (Lair:3)
  A centaur simulacrum (D:14)
  20 culicivoras
  32 jumping spiders
  2 vampires
  32 yaks
  A shadow (D:13)
  9 wraiths
  4 wyverns
  20 humans (D:14)
  38 redbacks
  6 basilisks
  2 steam dragons
  Grum (D:8)
  6 vampire mosquitoes
  5 wargs
  3 acid dragons (Lair:5)
  An acid dragon (shapeshifter) (D:14)
  9 water moccasins
  27 orc warriors
  4 black bears
  An ice beast (D:8)
  A swamp drake (Lair:5)
  29 ogres
  9 centaurs
  25 wolves
  2 phantoms
  5 kobold brigands
  10 bullfrogs
  2 gnoll sergeants (D:6)
  2 necrophages
  6 scorpions
  17 wights
  5 howler monkeys
  9 electric eels (D:7)
  4 crimson imps (D:3)
  13 orc priests
  3 jellies
  6 iguanas
  22 orc wizards
  6 gnolls (D:6)
  7 adders
  A shadow imp (D:7)
  3 worms
  A dart slug (D:4)
  81 orcs
  7 ball pythons
  6 bats
  9 endoplasms
  2 giant cockroaches (D:1)
  6 goblins
  2 hobgoblins
  29 kobolds
  3 quokkas
  6 frilled lizards
  6 rats
869 creatures vanquished.

Vanquished Creatures (collateral kills)
  Donald (Orc:2)
  A deep elf pyromancer (D:14)
  A troll (Orc:1)
  A meliai (Spider:3)
  A vampire (D:7)
  A basilisk (D:14)
  A redback (Spider:1)
  An orc warrior (Orc:1)
  A howler monkey (D:14)
  3 orc priests
  5 orcs
17 creatures vanquished.

Vanquished Creatures (others)
  A hydra (D:14)
  A wolf spider (Spider:1)
  A troll (D:10)
  A meliai (Spider:3)
  A tarantella (Spider:2)
  A jumping spider (Spider:4)
  An orc warrior (Orc:2)
  2 ogres
  18 fungi
  50 plants
77 creatures vanquished.

Grand Total: 963 creatures vanquished

Notes
Turn   | Place    | Note
-------+----------+-------------------------------------------
     0 | D:1      | pleonasm the Palentonga Fighter began the quest for the
                  | Orb.
     0 | D:1      | Reached XP level 1. HP: 19/19 MP: 1/1
   249 | D:1      | You fall into a shaft and drop 1 floor!
   291 | D:2      | Reached XP level 2. HP: 25/25 MP: 2/2
   586 | D:1      | Reached XP level 3. HP: 31/31 MP: 3/3
  1873 | D:2      | Reached XP level 4. HP: 26/37 MP: 4/4
  1987 | D:2      | Found a faded altar of an unknown god.
  2254 | D:3      | Found a stormy altar of Qazlal.
  2325 | D:3      | Found a basalt altar of Yredelemnul.
  2380 | D:3      | Found Metef's Assorted Antiques.
  2386 | D:3      | Bought a wooden wand for 96 gold pieces
  2598 | D:3      | Found a radiant altar of Vehumet.
  2673 | D:3      | Found a shimmering altar of Xom.
  2985 | D:3      | Reached XP level 5. HP: 44/44 MP: 5/5
  3007 | D:3      | Reached skill level 4 in Fighting
  3258 | D:4      | Noticed a phantom
  3270 | D:4      | Killed a phantom
  3271 | D:4      | Reached XP level 6. HP: 37/52 MP: 6/6
  3397 | D:4      | Found an iron altar of Okawaru.
  4065 | D:4      | Reached skill level 5 in Fighting
  4065 | D:4      | Gained mutation: You curl defensively after being hit. (AC
                  | +7*) [Palentonga growth]
  4065 | D:4      | Reached XP level 7. HP: 59/59 MP: 7/7
  4516 | D:5      | Entered Level 5 of the Dungeon
  4937 | D:5      | Found a glowing golden altar of the Shining One.
  5202 | D:5      | Reached skill level 5 in Maces & Flails
  5202 | D:5      | Reached skill level 5 in Shields
  6156 | D:6      | Found an opulent altar of Gozag.
  6167 | D:6      | Reached XP level 8. HP: 59/68 MP: 8/8
  6168 | D:6      | Reached skill level 6 in Fighting
  6175 | D:6      | Became a worshipper of Gozag Ym Sagoz the Greedy
  6762 | D:6      | Noticed a manticore
  7033 | D:7      | Reached skill level 7 in Fighting
  7226 | D:7      | Found an ancient bone altar of Kikubaaqudgha.
  7248 | D:7      | Reached XP level 9. HP: 48/77 MP: 9/9
  7520 | D:7      | Found a staircase to the Ecumenical Temple.
  7538 | Temple   | Entered the Ecumenical Temple
 10955 | D:8      | Reached skill level 8 in Fighting
 11035 | D:8      | Found a burning altar of Makhleb.
 11539 | D:8      | Reached skill level 10 in Maces & Flails
 12003 | D:9      | Noticed Grum
 12027 | D:8      | Killed Grum
 12619 | D:9      | Reached XP level 10. HP: 64/87 MP: 10/10
 12721 | D:9      | Noticed a two-headed ogre
 12738 | D:9      | Killed a two-headed ogre
 12739 | D:9      | Reached skill level 9 in Fighting
 12901 | D:9      | Found a blossoming altar of Fedhas.
 12953 | D:9      | Identified the +10 chain mail of the Orb Guardian {rElec
                  | MP+9 Int-3}
 13669 | D:9      | Found a hazy altar of Hepliaklqana.
 14382 | D:10     | Entered Level 10 of the Dungeon
 14382 | D:10     | Found a staircase to the Lair.
 14390 | D:10     | Noticed Erica
 14412 | D:10     | Killed Erica
 14486 | D:10     | Noticed a two-headed ogre
 14487 | D:10     | Noticed a boulder beetle
 14530 | D:10     | Killed a two-headed ogre
 14531 | D:10     | Reached skill level 10 in Fighting
 14821 | D:10     | Killed a boulder beetle
 15035 | D:10     | Noticed Maggie
 15049 | D:10     | Reached XP level 11. HP: 96/97 MP: 11/11
 15054 | D:10     | Noticed Maggie
 15054 | D:10     | Maggie changed into Maggie the jelly
 15058 | D:10     | Killed Maggie the jelly
 15141 | D:10     | Found the +6 shillelagh "Devastator" {shatter}
 15146 | D:10     | Noticed a two-headed ogre
 15159 | D:10     | Killed a two-headed ogre
 15298 | D:10     | Noticed Harold
 15315 | D:10     | Killed Harold
 15336 | D:10     | Noticed Urug
 15398 | D:10     | Killed Urug
 16009 | Lair:1   | Entered Level 1 of the Lair of Beasts
 16611 | Lair:1   | Noticed a catoblepas
 16633 | Lair:1   | Killed a catoblepas
 16634 | Lair:1   | Reached skill level 11 in Fighting
 16929 | Lair:1   | Reached skill level 5 in Armour
 17125 | Lair:1   | Identified the +1 leather armour "Yxtaum" {Fly Str-4 Int+4}
 17751 | Lair:2   | Reached XP level 12. HP: 107/107 MP: 12/12
 17865 | Lair:2   | Reached skill level 15 in Maces & Flails
 18157 | Lair:2   | Reached skill level 12 in Fighting
 18336 | Lair:2   | Noticed a five-headed hydra
 18351 | Lair:2   | Killed a five-headed hydra
 18557 | Lair:2   | Learned a level 1 spell: Apportation
 18559 | Lair:2   | Learned a level 1 spell: Necrotise
 19059 | Lair:3   | Found a staircase to the Swamp.
 19071 | Lair:3   | Found a hole to the Spider Nest.
 19504 | Lair:3   | Noticed a four-headed hydra
 19509 | Lair:3   | Killed a four-headed hydra
 19941 | Lair:4   | Reached XP level 13. HP: 93/116 MP: 13/13
 19942 | Lair:4   | Reached skill level 1 in Evocations
 20403 | Lair:4   | Reached skill level 13 in Fighting
 21026 | Lair:5   | Entered Level 5 of the Lair of Beasts
 21057 | Lair:5   | Reached skill level 5 in Evocations
 21919 | Lair:5   | Found a viscous altar of Jiyva.
 23232 | Lair:5   | Noticed a fire dragon
 23254 | Lair:5   | Killed a fire dragon
 24053 | Lair:5   | Reached XP level 14. HP: 99/127 MP: 14/14
 25542 | D:3      | Bought a potion of heal wounds for 120 gold pieces
 25542 | D:3      | Bought a potion of curing for 72 gold pieces
 25542 | D:3      | Bought a scroll labelled IDIXIO QEYPROR for 24 gold pieces
 25542 | D:3      | Bought a scroll of identify for 48 gold pieces
 25983 | D:6      | Identified the +1 flail of the Eight Tales {protect, Will+}
 26056 | D:6      | Found Ubbeattosh's Book Boutique.
 26453 | D:11     | Noticed Fannar
 26453 | D:11     | Noticed Lodul
 26483 | D:10     | Killed Fannar
 26711 | D:10     | Killed Lodul
 26902 | D:11     | Reached skill level 14 in Fighting
 28068 | D:12     | Found Kithruam's Antique Armour Emporium.
 28078 | D:12     | Bought a pair of gloves for 139 gold pieces
 28742 | D:12     | Found a staircase to the Orcish Mines.
 29976 | D:13     | Identified a scroll of acquirement
 30186 | D:13     | Acquired a +1 barding of flying
 30439 | D:14     | Reached skill level 10 in Evocations
 31358 | D:14     | Found the +1 robe of Vines {NoPotionHeal Regen++++}
 31568 | D:14     | Reached XP level 15. HP: 135/135 MP: 15/15
 31574 | D:14     | Reached skill level 10 in Armour
 32340 | D:14     | Identified the +4 spear of Zitrenez {flame, rCorr}
 32535 | D:14     | Reached skill level 15 in Fighting
 32567 | D:14     | Identified the +4 scale mail of Inyloepp {Rampage rPois}
 32575 | D:14     | Found a gate to the Vaults.
 32788 | Orc:1    | Entered Level 1 of the Orcish Mines
 33051 | Orc:1    | Noticed Josephine
 33061 | Orc:1    | Killed Josephine
 33499 | Orc:2    | Entered Level 2 of the Orcish Mines
 33634 | Orc:2    | Noticed an orc warlord
 33659 | Orc:2    | Killed an orc warlord
 33713 | Orc:2    | Identified the +0 kite shield of Gaisut {rN++ Int-2 Dex+8}
 33713 | Orc:2    | Noticed Donald
 34239 | Orc:2    | Killed Donald
 34287 | Orc:2    | Reached skill level 10 in Shields
 34570 | Orc:2    | Found Nooggut's Antique Armour Boutique.
 34602 | Orc:2    | Found Hatach's Antique Weapon Boutique.
 34603 | Orc:2    | Found a staircase to the Elven Halls.
 34603 | Orc:2    | Found Plog's Antique Armour Shoppe.
 34613 | Orc:2    | Found Otaum's Weapon Shop.
 34927 | Orc:1    | Found Juery's Antique Armour Shop.
 34957 | Orc:1    | Bought a steaming kite shield for 304 gold pieces
 34957 | Orc:1    | Identified the +2 kite shield "Naikhyll" {rPois rN+ rCorr
                  | Str-4} (You bought it in a shop on level 1 of the Orcish
                  | Mines)
 35240 | D:14     | Bought a pair of glowing gloves for 337 gold pieces
 35259 | D:14     | Bought a bronze scale mail for 405 gold pieces
 35259 | D:14     | Identified the +2 scale mail of the Banana {Str+4} (You
                  | bought it in a shop on level 14 of the Dungeon)
 35431 | Spider:1 | Entered Level 1 of the Spider Nest
 35549 | Spider:1 | Reached skill level 16 in Fighting
 36230 | Spider:1 | Reached XP level 16. HP: 143/147 MP: 16/16
 41072 | Spider:3 | Noticed Roxanne
 41865 | Spider:3 | Noticed Mara
 41897 | Spider:3 | Noticed pleonasm's illusion
 41903 | Spider:3 | Killed Mara
 41904 | Spider:3 | Reached skill level 17 in Fighting
 42740 | Spider:4 | Entered Level 4 of the Spider Nest
 44342 | Spider:4 | Reached XP level 17. HP: 128/157 MP: 17/17
 45029 | Spider:4 | HP: 11/237 [poisoned by an emperor scorpion]
 45031 | Spider:4 | Succumbed to an emperor scorpion's poison

Illustrated notes

Levels and vault maps discovered:
D:1:      dpeg_arrival_simpleton_a, layout_basic, minmay_misc_feat_alley,
          minmay_tromino_i4
D:2:      layout_loops_ring, hellmonk_ecumenical_altar_crossroads
D:3:      layout_loops_ring, lemuel_doored_altar, led_xom_imps,
          mainiacjoe_overflow_alcove_1, mainiacjoe_overflow_24_doors,
          serial_shops, nicolae_square_shop
D:4:      layout_basic, okawaru_metal_pillars_1_2, serial_curves,
          eino_curves_01, eino_curves_01, kennysheep_generic_room_4
D:5:      layout_loops_ring, tso_metal_star
D:6:      layout_loops_ring, mainiacjoe_overflow_alcove_2, serial_shops,
          kennysheep_mini, hangedman_decor_peaks_small, minivault_11
D:7:      layout_rooms, nicolae_kikubaaqudgha_miasma_corner,
          minmay_temple_entry_slanted, serial_bayou, serial_bayou_shore_a,
          serial_bayou_lagoon_a, serial_bayou_shore_b, serial_bayou_shore_b,
          serial_bayou_lake_a, serial_bayou_lagoon_b, kennysheep_generic_room_2
D:8:      layout_cave_pools, bloody_makhleb
D:9:      layout_cave_pods, mainiacjoe_overflow_concentric_impassable,
          mainiacjoe_overflow_six_doors_small, kennysheep_big_empty_room,
          chequers_arboretum, uniq_grum
D:10:     layout_roguey, lair_entry_dummy, dilly_guarded_unrand_devastator,
          uniq_maggie, uniq_erica, uniq_urug, uniq_harold
D:11:     layout_roguey, uniq_fannar, uniq_lodul
D:12:     layout_cave_pods, david_orc_5, serial_shops, shop, hangedman_fish_farm
D:13:     layout_loops_ring
D:14:     layout_basic, grunt_vaults_entry_tiered, minmay_hollow_rounded_squares
Temple:   grunt_temple_mini_profane
Lair:1:   layout_hall_layers
Lair:2:   layout_chaotic_city, chequers_serial_rivers_large_b
Lair:3:   layout_roguey, swamp_mist, spider_nest_entry_web_field,
          minmay_lindwurm_lava
Lair:4:   dreamdust_cave_troll, layout_hall_layers
Lair:5:   hangedman_lair_in_review, layout_big_grid, guppyfry_lair_end_dragon,
          minmay_slime_entry_oklob_enclosed
Spider:1: layout_cave_pods
Spider:2: layout_spider_delve
Spider:3: layout_chambers, uniq_mara, uniq_roxanne
Spider:4: hellmonk_spider_rune_endless_swarm
Orc:1:    layout_caves, serial_shops, shop, uniq_josephine
Orc:2:    st_orc_open, layout_caves, mines1_david, uniq_donald

Skill      XL: |  1  2  3  4  5  6  7  8  9 10 11 12 13 14 15 16 |
---------------+-------------------------------------------------+-----
Shields        | 3 4 5 10 12 | 12.3
Armour         | 3 5 7 8 9 10 11 | 11.9
Maces & Flails | 3 4 5 8 10 12 14 16 | 16.0
Fighting       | 4 5 7 8 10 11 12 13 14 16 17 | 17.5
Evocations     | 7 10 | 10.1

Action                   |  1- 3 |  4- 6 |  7- 9 | 10-12 | 13-15 | 16-18 || total
-------------------------+-------+-------+-------+-------+-------+-------++-------
Melee: Flail             |   104 |   101 |   263 |    74 |       |       ||   542
       Tailslap          |    10 |    10 |    55 |    58 |   209 |   120 ||   462
       Morningstar       |       |       |    32 |       |       |       ||    32
       Whip              |       |       |    43 |   138 |       |       ||   181
       Shillelagh        |       |       |       |   203 |   318 |    79 ||   600
       Eveningstar       |       |       |       |    34 |   864 |   634 ||  1532
 Fire: Sling             |       |       |    38 |     2 |       |       ||    40
Throw: Stone             |       |     3 |    11 |     6 |     1 |       ||    21
       Dart              |       |       |       |     1 |       |       ||     1
       Boomerang         |       |       |       |       |     6 |    14 ||    20
Invok: Potion Petition   |       |       |       |       |     3 |     3 ||     6
       Call Merchant     |       |       |       |       |     3 |       ||     3
 Abil: Rolling Charge    |     2 |     2 |    10 |     6 |    21 |       ||    41
Evoke: Wand              |       |       |     9 |    13 |    21 |    10 ||    53
  Use: Scroll            |       |     3 |     6 |     9 |    13 |     2 ||    33
       Potion            |       |     1 |       |     3 |     6 |     3 ||    13
 Stab: Distracted        |       |       |       |     6 |    11 |     1 ||    18
       Betrayed ally     |       |       |       |       |     2 |       ||     2
Armor: Scale mail        |    56 |    42 |   159 |     6 |       |       ||   263
       Chain mail        |       |       |       |   198 |   735 |   638 ||  1571
       Skin              |       |       |       |     1 |       |       ||     1
Dodge: Dodged            |    38 |    33 |   101 |    67 |   172 |    90 ||   501
Block: Buckler           |    12 |    19 |    78 |    74 |    66 |       ||   249
       Kite shield       |       |       |       |       |   330 |   556 ||   886
